 Dungeon Crawl Stone Soup version 0.29-a0-555-g3b24f45cc1 (webtiles) character file.

Game seed: 3351730964028919594

37 wdlvb the Vexing (level 3, 0/16 HPs)
             Began as a Spriggan Enchanter on June 8, 2022.
             Slain by a hobgoblin (3 damage)
             ... led by Robin
             ... on level 2 of the Dungeon.
             The game lasted 00:02:22 (1473 turns).

wdlvb the Vexing (Spriggan Enchanter)               Turns: 1473, Time: 00:02:23

Health: 0/16       AC:  3    Str:  6    XL:     3   Next: 21%
Magic:  9/9        EV: 17    Int: 16    God:
Gold:   21         SH:  0    Dex: 15    Spells: 7/9 levels left

rFire   + . .      SeeInvis +   a - +1 dagger
rCold   + . .      Faith    .   (no shield)
rNeg    . . .      Spirit   .   b - +1 robe
rPois   +          Reflect  .   (helmet restricted)
rElec   +          Harm     .   (no cloak)
rCorr   +          Rampage  .   (gloves unavailable)
Will    .....                   (boots unavailable)
Stlth   +++.......              (no amulet)
HPRegen 0.05/turn               (no ring)
MPRegen 0.11/turn               (no ring)

@: resistant, very quick
A: very small, no large weapons, unfitting armour, see invisible, speed 3
a: no special abilities


You were on level 2 of the Dungeon.
You visited 1 branch of the dungeon, and saw 2 of its levels.

You collected 48 gold pieces.
You spent 27 gold pieces at shops.

Inventory:

Hand Weapons
 a - a +1 dagger (weapon)
Armour
 b - a +1 robe (worn)
Potions
 c - 3 potions of invisibility
 d - a potion of flight


   Skills:
 - Level 1.1 Short Blades
 - Level 2.6 Dodging
 - Level 4.4 Stealth
 + Level 3.8 Spellcasting
 + Level 4.5 Hexes


You had 7 spell levels left.
You knew the following spells:

 Your Spells              Type           Power      Damage    Failure   Level
a - Ensorcelled Hibernat  Hex/Ice        20%        N/A       11%         2

Your spell library contained the following spells:

 Spells                   Type           Power      Damage    Failure   Level
 Confusing Touch          Hex            17%        N/A       8%          3
 Tukima's Dance           Hex            17%        N/A       8%          3
 Dazzling Flash           Conj/Hex       20%        N/A       21%         3


Dungeon Overview and Level Annotations

Branches:
Dungeon (2/15)

Altars:

Shops:
D:1 *

Annotations:
D:2 Robin, Terence


Innate Abilities, Weirdness & Mutations

You are very small and have problems with some larger weapons.
You are too small for most types of armour.
You have supernaturally acute eyesight. (SInv)
You cover ground extremely quickly. (Speed+++)


Message History

Press: ? - help, Shift-Dir - straight line, f/p - goblin
Aim: a goblin, wielding a +0 dagger (chance to affect: 62%)
The goblin resists with significant effort.
The goblin hits you with a +0 dagger.
You hit the goblin but do no damage. The goblin barely misses you.
You closely miss the goblin. The goblin misses you.
You barely miss the goblin. The goblin hits you but does no damage.
You closely miss the goblin. The goblin hits you but does no damage.
You hit the goblin.
You kill the goblin!
No target in view!
No target in view!
No target in view!
No target in view!
You start resting.
Your magical contamination has completely faded away.
You start resting.
HP restored.
You start resting.
Magic restored.
Things that are here:
a +0 dagger; a +0 club; a goblin corpse
Items here: )) รทรทรท.
There is a stone staircase leading down here.
You climb downwards.
Level annotation: Robin, Terence Terence hits you with a +0 flail!
Ouch! That really hurt!
The hobgoblin hits you but does no damage.
Robin hits you from afar with a +0 spear.
The hobgoblin hits you.
* * * LOW HITPOINT WARNING * * *
There is a stone staircase leading up here.
Unknown command.
It was a potion of resistance.
You feel protected. Terence misses you. Robin closely misses you.
The hobgoblin hits you but does no damage.
The hobgoblin hits you.
You die...

.########
......g@#
....g.@g#
#....g.b.
#.####..##
# #..#
#..# #..#
....


You could see Terence, Robin, 2 hobgoblins, a goblin and a bat.

Vanquished Creatures
  A dart slug (D:1)
  A giant cockroach (D:1)
  7 goblins (D:1)
  8 hobgoblins (D:1)
  2 jackals (D:1)
  A quokka (D:1)
  3 bats (D:1)
  2 frilled lizards (D:1)
  A kobold (D:1)
  4 rats (D:1)
30 creatures vanquished.

Notes
Turn   | Place    | Note
-------+----------+-------------------------------------------
     0 | D:1      | wdlvb the Spriggan Enchanter began the quest for the Orb.
     0 | D:1      | Reached XP level 1. HP: 9/9 MP: 5/5
   342 | D:1      | Reached XP level 2. HP: 13/13 MP: 7/7
   345 | D:1      | Learned a level 2 spell: Ensorcelled Hibernation
   567 | D:1      | Found Latuuc's Assorted Antiques.
   575 | D:1      | Bought a white potion for 27 gold pieces
   993 | D:2      | Noticed Terence
   993 | D:2      | Noticed Robin
  1033 | D:1      | Reached XP level 3. HP: 8/16 MP: 1/9
  1473 | D:2      | Slain by a hobgoblin

Illustrated notes

Levels and vault maps discovered:
D:1:      amcnicky_arrival_abandoned_market, layout_loops_corners, serial_shops,
          nicolae_shop_stone, grunt_decor_arrowhead
D:2:      layout_loops_ring, uniq_terence, uniq_jessica, uniq_robin

Skill      XL: |  1 |
---------------+----+-----
Spellcasting   | 3 |  3.8
Hexes          | 4 |  4.5
Short Blades   | |  1.1
Dodging        | |  2.6
Stealth        | |  4.4

Action                   || total
-------------------------++-------
Melee: Dagger            ||    72
 Cast: Ensorcelled Hiber ||     8
  Use: Scroll            ||     2
       Potion            ||     1
 Stab: Sleeping          ||    17
Armor: Robe              ||    15
Dodge: Dodged            ||    68

Table legend: (Time is in decaauts)
 A = Elapsed time spent in this place.
 B = Non-inter-level travel time spent in this place.
 C = Inter-level travel time spent in this place.
 D = Time resting spent in this place.
 E = Time spent auto-exploring this place.
 F = Levels seen in this place.
 G = Mean time per level.
                   A        B        C        D        E       F      G
               +--------+--------+--------+--------+--------+-----+--------+
         Total |   1100 |   1075 |     25 |    333 |    513 |   2 |  550.0 |
       Dungeon |   1100 |   1075 |     25 |    333 |    513 |   2 |  550.0 |
               +--------+--------+--------+--------+--------+-----+--------+

Top non-repeatable levels by time:
     D:1: 1091 daAuts
     D:2: 9 daAuts
